Map: [ESL] Inside and Out

Players

TIME (Oliveira)

  • Race: Terran Terran

DPGJieShi (Jieshi) - Winner!

  • Race: Protoss Protoss

Event: DreamHack SC2 Masters 2022 Atlanta (Online)

VOD

Have the link to the VOD?

Description

Time

  • Played on: Oct. 5, 2022, 8:25 a.m.
  • Length: 12:00

All games in this series

Show
View Real Time Build Order
Export as new Build Order

TIME Terran 

Build Orders:  

Get SALT Encoding   

  12  0:00  SCV  
  13  0:12  SCV  
  14  0:17  Supply Depot  
  14  0:24  SCV  
  15  0:38  SCV  
  15  0:39  Barracks  
  16  0:43  Refinery  
  16  0:50  SCV  
  16  0:53  Refinery  
  17  1:03  SCV  
  18  1:15  SCV  
  19  1:26  Reaper  
  19  1:27  Orbital Command  
  19  1:29  Supply Depot  
  20  1:42  Factory  
  20  1:53  SCV  
  21  1:58  Reaper  
  22  2:05  SCV  
  23  2:16  Command Center  
  23  2:18  SCV  
  24  2:25  Hellion  
  26  2:30  SCV, Reaper  
  26  2:33  Supply Depot  
  28  2:42  SCV  
  29  2:47  Hellion  
  31  2:55  SCV  
  31  3:05  Barracks Reactor  
  31  3:07  SCV  
  32  3:13  Factory Tech Lab  
  32  3:16  Starport  
  32  3:19  SCV  
  32  3:30  Orbital Command  
  32  3:31  SCV  
  33  3:35  Siege Tank  
  36  3:51  SCV  
  36  3:52  Marine x2  
  36  3:53  Starport Tech Lab  
  36  3:56  SCV, Bunker  
  37  4:04  SCV  
  37  4:06  Barracks  
  37  4:07  Siege Tank  
  37  4:08  Barracks  
  41  4:10  SCV  
  41  4:11  Marine x2  
  41  4:16  SCV  
  45  4:20  Raven  
  45  4:22  SCV  
  48  4:26  Supply Depot  
  48  4:28  SCV, Marine x2  
  51  4:35  SCV  
  51  4:36  Engineering Bay  
  52  4:40  SCV  
  53  4:46  Refinery  
  53  4:47  SCV, Marine x2  
  53  4:49  Supply Depot  
  53  4:52  SCV  
  57  4:59  SCV, Marine  
  58  5:00  Stimpack  
  58  5:02  Terran Infantry Weapons Level 1  
  58  5:04  SCV  
  58  5:05  Marine x2  
  62  5:10  Marine  
  62  5:11  SCV  
  62  5:13  Supply Depot  
  64  5:14  Combat Shield  
  64  5:17  Marine  
  64  5:19  SCV  
  66  5:23  SCV, Marine  
  66  5:24  Refinery  
  66  5:26  Supply Depot  
  66  5:28  Starport Reactor, Factory Reactor  
  68  5:31  Marine x2  
  68  5:35  SCV  
  71  5:36  SCV  
  71  5:38  Supply Depot  
  71  5:39  Marauder  
  74  5:44  Marine  
  74  5:47  SCV  
  74  5:48  SCV  
  77  5:50  Supply Depot, Marauder  
  77  5:51  Marine  
  78  6:00  Supply Depot  
  78  6:01  Marauder  
  78  6:02  Marine  
  81  6:05  Medivac  
  81  6:06  Medivac  
  81  6:07  Widow Mine x2  
  81  6:09  Marine  
  92  6:11  Marauder  
  92  6:14  Supply Depot  
  92  6:22  Marauder  
  94  6:31  Widow Mine x2  
  100  6:32  Marauder  
  100  6:33  Marine x2  
  100  6:38  Command Center  
  102  6:41  Medivac  
  102  6:42  Medivac  
  102  6:43  Marauder  
  108  6:49  SCV  
  108  6:52  Concussive Shells  
  108  6:54  Marauder  
  111  6:56  SCV, Barracks  
  111  6:57  Marine x2  
  111  6:58  Barracks  
  112  7:11  Marine  
  112  7:15  Marauder, Marine  
  101  7:17  Medivac x2  
  101  7:19  SCV x2  
  101  7:20  Terran Infantry Armor Level 1  
  101  7:22  Supply Depot  
  103  7:27  Widow Mine, Marine  
  103  7:28  Widow Mine  
  107  7:33  Armory  
  107  7:34  Engineering Bay  
  107  7:36  Marauder, Marine  
  110  7:39  SCV, Missile Turret  
  110  7:40  SCV  
  112  7:46  Barracks Tech Lab  
  112  7:48  Barracks Reactor  
  112  7:51  SCV  
  112  7:52  Widow Mine x2  
  112  7:54  SCV, Marauder, Marine x2  
  120  8:05  Marine  
  120  8:06  Marauder  
  120  8:08  SCV  
  120  8:09  Orbital Command  
  120  8:11  SCV  
  120  8:12  Marine  
  126  8:15  Marine  
  127  8:21  Supply Depot x2, SCV, Marauder  
  127  8:25  Widow Mine x2  
  134  8:28  Marine  
  134  8:29  Marauder, Marine x2  
  134  8:31  SCV  
  140  8:34  SCV  
  140  8:38  Bunker  
  140  8:39  Supply Depot  
  140  8:40  Marine x2  
  141  8:42  SCV  
  141  8:47  Marine  
  141  8:48  Marauder, Marine  
  141  8:59  Marine x2  
  141  9:00  Marauder  
  135  9:05  Command Center  
  131  9:11  Viking  
  131  9:12  Viking  
  131  9:13  Marauder x2, Marine x2  
  131  9:15  Refinery, Terran Infantry Armor Level 2  
  131  9:16  Refinery  
  141  9:17  Ghost Academy, SCV  
  141  9:18  SCV  
  141  9:19  SCV  
  142  9:24  Terran Infantry Weapons Level 2  
  142  9:27  Marine x2  
  144  9:35  Supply Depot, Missile Turret  
  144  9:36  Widow Mine x2  
  144  9:38  Supply Depot  
  148  9:42  SCV x2  
  152  9:46  Viking x2  
  152  9:50  Ghost x2  
  152  9:52  Ghost  
  160  9:55  Enhanced Shockwaves  
  160  9:56  SCV x2  
  160  9:57  SCV  
  163  10:00  Widow Mine  
  163  10:04  Widow Mine  
  163  10:05  Missile Turret  
  165  10:07  Supply Depot  
  165  10:08  Supply Depot  
  165  10:11  Marine  
  165  10:12  Marine x2  
  168  10:20  Marine x2  
  168  10:21  Marauder  
  162  10:23  Viking x2  
  162  10:25  Marine  
  159  10:29  Marine  
  159  10:33  SCV  
  157  10:36  Marine x2  
  157  10:38  Marauder  
  157  10:42  SCV, Marauder  
  162  10:44  Ghost  
  158  10:53  Marine x2  
  158  10:54  Marine  
  111  10:58  Marine  
  111  11:00  Marauder  
  111  11:03  Marauder  
  87  11:09  Widow Mine x2  
  87  11:10  Orbital Command  
  81  11:11  Marine x2  
  81  11:12  Marine  
  81  11:13  Liberator  
  81  11:16  Liberator  
  81  11:18  Marine  
  90  11:19  SCV  
  90  11:22  Marine  
  90  11:24  Marine  
  85  11:26  SCV  
  85  11:31  SCV  
  85  11:32  Marine  
  88  11:35  Marine  
  88  11:36  Marine  
Show
View Real Time Build Order
Export as new Build Order

DPGJieShi Protoss - Winner!

Build Orders: 1 Gate Expand, Blink Stalkers 

Get SALT Encoding   

  12  0:00  Probe  
  13  0:12  Probe  
  14  0:17  Pylon  
  14  0:25  Probe (Chrono Boost)  
  15  0:36  Gateway  
  15  0:37  Probe (Chrono Boost)  
  16  0:44  Probe (Chrono Boost)  
  16  0:45  Assimilator  
  17  0:51  Probe  
  18  1:03  Probe  
  19  1:17  Nexus  
  19  1:27  Cybernetics Core  
  19  1:31  Probe  
  20  1:36  Assimilator  
  20  1:43  Probe  
  20  1:46  Pylon  
  21  1:55  Probe  
  22  2:01  Stalker (Chrono Boost)  
  22  2:03  Warp Gate  
  22  2:07  Probe  
  25  2:16  Twilight Council  
  25  2:19  Probe  
  25  2:20  Stalker  
  28  2:31  Probe (Chrono Boost)  
  30  2:37  Probe (Chrono Boost)  
  30  2:41  Probe (Chrono Boost)  
  32  2:45  Probe x2 (Chrono Boost)  
  32  2:49  Gateway  
  30  3:00  Probe x2  
  32  3:09  Blink (Chrono Boost)  
  32  3:12  Probe x2  
  33  3:22  Robotics Facility  
  33  3:24  Probe x2  
  35  3:36  Probe x2  
  36  3:48  Probe x2  
  36  3:51  Stalker x2  
  41  4:00  Probe x2  
  43  4:11  Nexus  
  43  4:12  Probe, Pylon  
  43  4:13  Observer, Probe  
  46  4:22  Pylon  
  46  4:28  Forge  
  46  4:30  Probe x2  
  48  4:34  Observer  
  48  4:35  Pylon  
  48  4:36  Stalker  
  51  4:39  Stalker  
  51  4:42  Probe x2  
  55  4:46  Charge (Chrono Boost)  
  55  4:51  Assimilator  
  55  4:55  Gateway  
  55  4:58  Gateway  
  56  5:00  Observer  
  56  5:04  Probe x2  
  58  5:07  Pylon  
  58  5:16  Probe  
  58  5:17  Probe  
  58  5:18  Protoss Ground Armor Level 1 (Chrono Boost)  
  58  5:19  Gateway  
  60  5:26  Gateway  
  60  5:30  Observer  
  60  5:33  Gateway  
  60  5:37  Gateway  
  60  5:40  Probe (Chrono Boost)  
  60  5:41  Probe x2 (Chrono Boost)  
  60  5:42  Pylon  
  63  5:44  Sentry  
  63  5:45  Sentry  
  63  5:46  Shield Battery  
  63  5:48  Observer  
  67  5:50  Observer  
  67  5:51  Probe x3 (Chrono Boost)  
  70  6:02  Probe  
  71  6:04  Photon Cannon  
  71  6:06  Zealot, Sentry  
  71  6:08  Shield Battery, Zealot x2  
  79  6:14  Immortal (Chrono Boost)  
  83  6:20  Probe x3  
  83  6:23  Pylon  
  86  6:30  Zealot x2  
  86  6:31  Zealot, Observer  
  86  6:32  Probe  
  93  6:34  Pylon  
  93  6:42  Zealot  
  93  6:43  Zealot  
  93  6:44  Stalker  
  93  6:45  Stalker  
  101  6:51  Photon Cannon  
  101  6:54  Zealot  
  101  6:55  Zealot x2  
  101  6:58  Stalker  
  109  7:12  Zealot, Stalker x3  
  109  7:13  Probe  
  109  7:14  Probe x2  
  104  7:21  Protoss Ground Weapons Level 1 (Chrono Boost)  
  98  7:27  Robotics Bay  
  99  7:30  Probe x3, Assimilator  
  99  7:33  Zealot x3  
  99  7:35  Assimilator  
  107  7:42  Robotics Facility, Probe x3  
  107  7:44  Zealot x2  
  112  7:46  Pylon  
  114  7:57  Pylon  
  114  8:00  Pylon  
  113  8:05  Probe  
  113  8:08  Zealot x2  
  113  8:09  Zealot  
  119  8:14  Extended Thermal Lance (Chrono Boost)  
  119  8:18  Colossus (Chrono Boost)  
  125  8:20  Pylon  
  125  8:25  Nexus  
  125  8:27  Pylon  
  125  8:28  Zealot x2  
  125  8:30  Colossus (Chrono Boost)  
  135  8:38  Observer  
  135  8:39  Zealot x2  
  135  8:40  Zealot  
  139  8:46  Zealot x3  
  135  8:56  Zealot x2  
  135  8:58  Colossus (Chrono Boost)  
  143  9:04  Stalker x2  
  141  9:13  Photon Cannon  
  141  9:15  Shield Battery  
  141  9:20  Protoss Ground Weapons Level 2 (Chrono Boost)  
  141  9:23  Warp Prism (Chrono Boost)  
  143  9:25  Stalker x3  
  143  9:28  Pylon  
  149  9:34  Stalker  
  149  9:37  Stalker  
  153  9:42  Photon Cannon  
  153  9:50  Stalker  
  153  9:51  Zealot x2  
  157  9:53  Disruptor (Chrono Boost)  
  157  9:59  Disruptor (Chrono Boost), Probe  
  164  10:00  Probe x3  
  164  10:06  Stalker x2  
  169  10:08  Zealot  
  171  10:22  Stalker x2  
  171  10:23  Zealot x3  
  179  10:32  Disruptor  
  180  10:39  Pylon  
  180  10:41  Pylon  
  174  10:43  Zealot x4  
  174  10:48  Disruptor  
  138  10:58  Zealot x4  
  121  11:10  Stalker x2  
  121  11:11  Stalker x2  
  123  11:13  Disruptor  
  123  11:16  Gateway  
  123  11:18  Gateway  
  123  11:23  Zealot x3, Observer  
  123  11:24  Zealot  
  132  11:35  Zealot x3  
  132  11:36  Zealot  
  137  11:45  Zealot x4  
Tags
 
Add a new tag
Caveats
  • Supply blocks, unpowered buildings, or Contaminate may cause inaccurate times.
  • Supply counts are checked every 10 seconds.